 Dungeon Crawl Stone Soup version 0.22.0-27-ga576289 (webtiles) character file.

15764 Anothat the Cleaver (level 12, -2/112 HPs)
             Began as a Deep Dwarf Fighter on Aug 21, 2018.
             Was an Elder of Makhleb.
             Succumbed to Nergalle's poison
             ... on level 2 of the Lair of Beasts.
             The game lasted 00:13:50 (9211 turns).

Anothat the Cleaver (Deep Dwarf Fighter)            Turns: 9211, Time: 00:13:51

Health: -2/112     AC: 16    Str: 25    XL:     12   Next: 4%
Magic:  5/5        EV:  4    Int:  9    God:    Makhleb [****..]
Gold:   556        SH: 17    Dex: 12    Spells: 11/11 levels left

rFire    . . .     SeeInvis +   y - +0 broad axe
rCold    . . .     Gourm    .   I - +0 large shield
rNeg     . . .     Faith    .   G - +0 plate armour
rPois    .         Spirit   .   F - +2 helmet
rElec    .         Reflect  .   (no cloak)
rCorr    .         Harm     .   (no gloves)
MR       +....                  (no boots)
Stlth    ..........             (no amulet)
HPRegen  0.00/turn              D - ring of see invisible
MPRegen  0.09/turn              (no ring)

@: lethally poisoned (-2 -> -27), non-regenerating, heavily drained
A: damage resistance, heal wounds, high mp 1, sense surroundings 2, no
regeneration
a: Heal Wounds, Minor Destruction, Lesser Servant of Makhleb, Major Destruction,
Renounce Religion


You were on level 2 of the Lair of Beasts.
You worshipped Makhleb.
Makhleb was greatly pleased with you.
You were not hungry.

You visited 2 branches of the dungeon, and saw 11 of its levels.

You collected 668 gold pieces.
You spent 112 gold pieces at shops.

Inventory:

Hand Weapons
 a - a +2 war axe
 y - a +0 broad axe (weapon)
Armour
 b - a +0 scale mail
 c - a +0 shield
 u - a +0 chain mail
 A - a +0 helmet
 C - a +0 scale mail of poison resistance
 F - a +2 helmet (worn)
 G - a +0 plate armour (worn)
 I - a +0 large shield (worn)
Jewellery
 h - an uncursed ring of fire
 r - an uncursed ring of ice
 D - a ring of see invisible (left hand)
 H - an uncursed ring of protection from fire {unknown}
 L - a +3 ring of dexterity {unknown}
Wands
 d - a wand of flame (46)
 v - a wand of acid (11)
 E - a wand of paralysis (20)
 O - a wand of iceblast (11)
Scrolls
 g - 4 scrolls of fog
 i - 4 scrolls of teleportation
 k - 2 scrolls of enchant armour
 m - 4 scrolls of blinking
 n - 12 scrolls of remove curse
 o - 8 scrolls of amnesia
 s - 2 scrolls of magic mapping
 x - 2 scrolls of immolation
 K - a scroll of identify
 N - 2 scrolls of noise {unknown}
Potions
 e - a potion of curing
 j - a potion of agility
 l - 7 potions of degeneration
 p - 9 potions of heal wounds
 q - 2 potions of cancellation
 t - 3 potions of magic
 w - 2 potions of ambrosia
 z - 2 potions of haste
 B - a potion of lignification
 J - a potion of berserk rage {unknown}
 M - a potion of flight {unknown}
Comestibles
 f - 25 rations


   Skills:
 + Level 8.3(6.1) Fighting
 * Level 13.0(10.5) Axes
 + Level 9.9(7.6) Armour
 * Level 11.4(9.0) Shields
 + Level 0.4(0.0) Invocations


You had 11 spell levels left.
You didn't know any spells.
Your spell library was empty.

Dungeon Overview and Level Annotations

Branches:
Dungeon (9/15)             Temple (0/1) D:5            Lair (2/6) D:9
  Swamp: Lair:2-4    Shoals: Lair:2-4     Snake: Lair:2-4    Spider: Lair:2-4
    Orc: D:9-12

Altars:
Cheibriados
Dithmenos
Elyvilon
Gozag
Hepliaklqana
Makhleb
Ru
Uskayaw
Vehumet
Wu Jian
Yredelemnul
The Shining One

Shops:
D:6 [%?(=   D:7 *

Annotations:
D:3 2 transporters
Lair:2 Nergalle


Innate Abilities, Weirdness & Mutations

You are resistant to damage.
You can heal yourself by infusing magical energy.
You passively map the area around you.
You do not regenerate.
You have an increased reservoir of magic. (+10% MP)


Message History

You hit Nergalle.
Nergalle is almost dead.
You hit the spectral orc knight. You slash the spectral orc knight!
You hit the spectral orc warrior but do no damage.
You closely miss the spectral orc warrior.
You feel very sick.
You block the spectral orc knight's attack.
The spectral orc knight hits you with a battleaxe of chopping.
The spectral orc warrior hits you but does no damage.
Nergalle points at you and mumbles some strange words.
The bolt of negative energy hits you!
You feel drained.
* * * LOW HITPOINT WARNING * * *
The spectral orc knight barely misses you.
You block the spectral orc warrior's attack. x2
Your shield and plate armour prevent you from hitting Nergalle.
Nergalle is almost dead.
You hit the spectral orc knight but do no damage. x2
You slash the spectral orc knight! You slash the spectral orc warrior!
You hit the spectral orc warrior but do no damage.
You die...

, , , , .######. *, ,
#............. ........
*,,
,#................#.##..
, ,.#...............
#..... **
................. ##....
, ,,
..................#.<...
,, ,
.................>......
......ZZo...............
*
...._ZZ@ZZ..............
,* ,
##......Z...............
* *
#..............#P...... *
,
,...............###......
...........PP..###......
, ,
.........###....#.......
, ,
..P....#..###..##.......
,
,........................
, .......................


You could see Nergalle, 3 spectral orc warriors and 4 spectral orc knights.

Vanquished Creatures
  2 hydras (Lair:2)
  Erica (D:9)
  A black mamba (Lair:2)
  A spiny frog (Lair:1)
  A komodo dragon (Lair:1)
  Grinder (D:3)
  8 blink frogs (Lair:1)
  5 hippogriffs
  Sigmund (D:2)
  2 wyverns
  18 yaks
  4 humans (D:9)
  A hungry ghost (D:7)
  5 water moccasins
  4 porcupines (Lair:1)
  3 orc warriors
  An ice beast (D:7)
  A black bear (Lair:2)
  A phantom (D:7)
  3 sky beasts
  2 necrophages
  4 ogres
  3 centaurs
  10 wolves
  2 crocodiles (Lair:2)
  3 big kobolds
  10 bullfrogs
  4 scorpions
  2 killer bees
  12 wights
  8 howler monkeys
  3 crimson imps
  5 hounds
  4 orc priests
  3 jellies
  A bullfrog skeleton (D:8)
  2 centaur skeletons
  6 orc wizards
  Terence (D:2)
  Natasha (twice) (D:2)
  An iguana (D:9)
  6 worker ants
  4 gnolls (D:3)
  13 adders
  3 shadow imps
  An ooze (D:2)
  An adder skeleton (D:8)
  A worm (D:2)
  A dart slug (D:1)
  7 leopard geckos
  22 orcs
  2 ball pythons
  7 giant cockroaches
  10 goblins
  10 hobgoblins
  11 jackals
  6 kobolds (D:8)
  7 quokkas
  4 bats
  4 frilled lizards
  A giant cockroach zombie (D:6)
  A jackal skeleton (D:6)
  A leopard gecko zombie (D:7)
  A quokka skeleton (D:8)
  6 rats
  A plant (Lair:2)
283 creatures vanquished.

Vanquished Creatures (others)
  A bush (Lair:1)
  A plant (Lair:1)
2 creatures vanquished.

Grand Total: 285 creatures vanquished

Notes
Turn   | Place    | Note
-------+----------+-------------------------------------------
     0 | D:1      | Anothat the Deep Dwarf Fighter began the quest for the Orb.
     0 | D:1      | Reached XP level 1. HP: 20/20 MP: 1/1
   218 | D:1      | Reached XP level 2. HP: 25/27 MP: 2/2
   624 | D:2      | Noticed Terence
   644 | D:2      | Killed Terence
   644 | D:2      | Reached skill level 3 in Axes
   644 | D:2      | Reached XP level 3. HP: 34/34 MP: 2/2
   730 | D:2      | Reached XP level 4. HP: 31/42 MP: 3/3
   813 | D:2      | Noticed Sigmund
   821 | D:2      | Killed Sigmund
   821 | D:2      | Reached skill level 4 in Axes
   821 | D:2      | Reached XP level 5. HP: 25/49 MP: 4/4
   821 | D:2      | Reached XP level 6. HP: 29/56 MP: 5/5
  1231 | D:2      | Noticed Natasha
  1235 | D:2      | Killed Natasha
  1359 | D:2      | Found a hide-covered altar of Uskayaw.
  1527 | D:2      | Noticed Natasha
  1556 | D:2      | HP: 2/57 [crimson imp[Natasha] (1)]
  1567 | D:2      | Killed Natasha
  1567 | D:2      | Reached skill level 5 in Axes
  1616 | D:3      | Found a glowing golden altar of the Shining One.
  1632 | D:3      | Noticed Grinder
  1635 | D:3      | Gained mutation: You passively map the area around you. [potion of mutation]
  1635 | D:3      | Gained mutation: You have an increased reservoir of magic. (+10% MP) [potion of mutation]
  1668 | D:3      | Paralysed by Grinder for 3 turns
  1674 | D:3      | Paralysed by Grinder for 6 turns
  1687 | D:3      | Killed Grinder
  1687 | D:3      | Reached XP level 7. HP: 48/64 MP: 5/5
  1852 | D:3      | Reached skill level 5 in Armour
  1855 | D:3      | Found a transporter.
  1866 | D:3      | Found a transporter.
  2107 | D:3      | Found a basalt altar of Yredelemnul.
  2228 | D:3      | Reached skill level 5 in Shields
  2686 | D:4      | Reached skill level 6 in Axes
  3113 | D:4      | Found a burning altar of Makhleb.
  3113 | D:4      | Noticed a blizzard demon
  3371 | D:4      | Noticed a neqoxec
  3371 | D:4      | Noticed a hellwing
  3373 | D:4      | Became a worshipper of Makhleb the Destroyer
  3456 | D:4      | Found a hazy altar of Hepliaklqana.
  3614 | D:5      | Entered Level 5 of the Dungeon
  3628 | D:5      | Found a staircase to the Ecumenical Temple.
  3834 | D:5      | Reached XP level 8. HP: 36/73 MP: 3/3
  3849 | D:5      | Reached skill level 7 in Axes
  3853 | D:5      | Found a runed door.
  3865 | D:5      | Found a runed door.
  4047 | D:5      | Found a radiant altar of Vehumet.
  4318 | D:6      | Found Vegaizae's Armour Shoppe.
  4348 | D:6      | Reached * piety under Makhleb
  4397 | D:6      | Reached skill level 5 in Fighting
  4460 | D:6      | Found Rasawaev's Magic Scroll Shoppe.
  4484 | D:6      | Reached skill level 8 in Axes
  4495 | D:6      | Bought a scroll of enchant armour for 112 gold pieces
  4518 | D:6      | Found Qeonudep's Weapon Shop.
  4575 | D:6      | Found Reapi's Jewellery Boutique.
  4832 | D:6      | Found Luylacs's Food Emporium.
  4950 | D:6      | Found a snail-covered altar of Cheibriados.
  5133 | D:7      | Noticed a hippogriff
  5146 | D:7      | Killed a hippogriff
  5146 | D:7      | Mutation became permanent: You passively map a small area around you. [Deep Dwarf growth]
  5146 | D:7      | Gained mutation: You passively map the area around you. [Deep Dwarf growth]
  5146 | D:7      | Reached XP level 9. HP: 49/81 MP: 4/4
  5247 | D:7      | Found a white marble altar of Elyvilon.
  5426 | D:7      | Reached skill level 9 in Axes
  5510 | D:7      | Found Guavy's General Store.
  5576 | D:7      | Found an ornate altar of the Wu Jian Council.
  5930 | D:7      | Reached ** piety under Makhleb
  6122 | D:8      | Reached skill level 10 in Axes
  6272 | D:8      | Reached XP level 10. HP: 63/92 MP: 4/4
  6581 | D:8      | Reached *** piety under Makhleb
  6720 | D:9      | Found a sacrificial altar of Ru.
  6810 | D:9      | Found a shadowy altar of Dithmenos.
  6874 | D:9      | Found a runed door.
  6908 | D:9      | Reached skill level 11 in Axes
  7083 | D:9      | Found a staircase to the Lair.
  7132 | D:9      | Found an opulent altar of Gozag.
  7663 | D:9      | Noticed Erica
  7675 | D:9      | Killed Erica
  7773 | Lair:1   | Entered Level 1 of the Lair of Beasts
  7796 | Lair:1   | Reached **** piety under Makhleb
  7796 | Lair:1   | Reached XP level 11. HP: 89/100 MP: 5/5
  7874 | Lair:1   | Reached skill level 10 in Shields
  7892 | Lair:1   | Reached skill level 12 in Axes
  9095 | Lair:2   | Noticed a four-headed hydra
  9102 | Lair:2   | Killed a four-headed hydra
  9115 | Lair:2   | Noticed an eight-headed hydra
  9120 | Lair:2   | Killed an eight-headed hydra
  9166 | Lair:2   | Found a glowing golden altar of the Shining One.
  9177 | Lair:2   | Noticed Nergalle
  9178 | Lair:2   | Reached XP level 12. HP: 111/111 MP: 5/5
  9189 | Lair:2   | Reached skill level 13 in Axes
  9210 | Lair:2   | HP: 2/112 [Nergalle/bolt of negative energy (34)]
  9211 | Lair:2   | Succumbed to Nergalle's poison

Skill      XL: |  1  2  3  4  5  6  7  8  9 10 11 12 |
---------------+-------------------------------------+-----
Fighting       | 3 4 5 6 7 8 |  8.3
Axes           | 3 4 5 6 8 10 11 12 13 | 13.0
Armour         | 4 5 6 7 8 9 |  9.9
Shields        | 4 5 6 7 9 11 | 11.4
Invocations    | |  0.4

Action                   |  1- 3 |  4- 6 |  7- 9 | 10-12 || total
-------------------------+-------+-------+-------+-------++-------
Melee: War axe           |   103 |   102 |   502 |   377 ||  1084
       Unarmed           |       |    12 |       |       ||    12
       Broad axe         |       |       |       |   144 ||   144
 Abil: Heal Wounds       |     1 |     3 |    13 |     3 ||    20
Evoke: Wand              |       |       |     2 |    13 ||    15
  Use: Potion            |       |     9 |     2 |     1 ||    12
       Scroll            |       |       |    15 |     3 ||    18
 Stab: Invisible         |       |       |     8 |       ||     8
  Eat: Chunk             |       |     2 |    14 |     3 ||    19
       Ration            |       |       |     2 |     2 ||     4
Armor: Scale mail        |    47 |     7 |    45 |       ||    99
       Chain mail        |       |    27 |   156 |       ||   183
       Plate armour      |       |       |    12 |   334 ||   346
Dodge: Dodged            |    36 |    24 |   108 |    65 ||   233
Block: Shield            |    63 |    55 |   277 |    31 ||   426
       Large shield      |       |       |       |   588 ||   588
